 Dungeon Crawl Stone Soup version 0.31-a0-640-g39d97e502b (webtiles) character file.

Game seed: 15032850197784213388

91 qw the Shooter (level 4, -2/28 HPs)
             Began as a Gargoyle Hunter on Aug 27, 2023.
             Was an Initiate of Okawaru.
             Slain by a black bear (7 damage)
             ... on level 4 of the Dungeon.
             The game lasted 00:00:45 (2084 turns).

qw the Shooter (Gargoyle Hunter)                    Turns: 2084, Time: 00:00:46

Health: -2/28      AC:  9    Str: 14    XL:     4   Next: 57%
Magic:  4/4        EV: 15    Int: 10    God:    Okawaru [......]
Gold:   201        SH:  0    Dex: 15    Spells: 3/3 levels left

rFire   . . .        Y - +0 shortbow (freeze)
rCold   . . .        (shield currently unavailable)
rNeg    + . .        f - +0 ring mail
rPois   inf          (no helmet)
rElec   +            d - +0 cloak
rCorr   .            (no gloves)
SInv    .            (no boots)
Will    .....        (no amulet)
Stlth   +            g - +5 ring of evasion
HPRegen 0.24/turn    (no ring)
MPRegen 0.09/turn

%: no passive effects
@: no status effects
A: sickness immunity, AC +3, negative energy resistance 1, electricity
resistance, torment resistance 1, petrification resistance
a: Renounce Religion


You were on level 4 of the Dungeon.
You worshipped Okawaru.
Okawaru was noncommittal.
You visited 1 branch of the dungeon, and saw 4 of its levels.

You collected 201 gold pieces.


Innate Abilities, Weirdness & Mutations

You are immune to sickness and miasma.
Your stone body is resilient. (AC +3)
You are immune to poison.
You resist negative energy. (rN+)
You are resistant to electric shocks. (rElec)
You are resistant to unholy torment.
You are immune to petrification.


   Skills:
 - Level 3.0 Fighting
 + Level 5.3 Ranged Weapons
 - Level 1.0 Armour
 - Level 1.5 Dodging
 - Level 1.1 Stealth


You had 3 spell levels left.
You didn't know any spells.
Your spell library was empty.

Inventory:

Hand Weapons
 Y - a +0 shortbow of freezing (weapon)
Armour
 d - a +0 cloak (worn)
 f - a +0 ring mail (worn)
Jewellery
 g - a +5 ring of evasion (left hand)
Scrolls
 a - a scroll of identify
Potions
 c - a potion of degeneration {unknown}
 e - 4 potions of curing

Dungeon Overview and Level Annotations

Branches:
Dungeon (4/15)             Temple (0/1) D:4

Altars:
Fedhas
Gozag
Kikubaaqudgha
Okawaru
The Shining One


Message History

The black bear barely misses you. The black bear misses you.
You shoot an arrow. The arrow hits the black bear.
The arrow freezes the black bear.
The black bear is heavily wounded.
The orc closely misses you. The black bear closely misses you. x2
The black bear claws you but does no damage.
You shoot an arrow.
The arrow hits the black bear but does no damage.
The black bear is heavily wounded.
The orc closely misses you.
The black bear bites you but does no damage.
The black bear barely misses you.
The black bear claws you but does no damage.
You shoot an arrow.
The arrow completely misses the black bear.
The orc hits you with a +0 mace of venom.
The black bear bites you. The black bear completely misses you.
The black bear claws you but does no damage.
You shoot an arrow. The arrow barely misses the black bear.
The orc closely misses you.
The black bear bites you but does no damage.
The black bear claws you but does no damage.
The black bear barely misses you. The black bear closely misses you.
The black bear claws you but does no damage. x2
The orc barely misses you.
You shoot an arrow.
The arrow hits the black bear but does no damage.
The black bear is heavily wounded.
The orc hits you with a +0 mace of venom.
The black bear bites you. The black bear misses you.
The black bear claws you but does no damage.
You shoot an arrow.
The arrow closely misses the black bear.
The orc hits you but does no damage. The black bear closely misses you.
The black bear misses you. The black bear claws you.
You shoot an arrow.
The arrow hits the black bear but does no damage.
The black bear is heavily wounded.
The orc closely misses you. The black bear bites you!
You die...

#...# #####.# #...# #.#.
##### #.#. #.#. #.#.
############# #.#.
........)...### #.#.
(#########......(.###.#.
#.....o@..............#.
#.#..(h###.........####.
#.... #.........#....
#.... #.........#....
...... #.<.......####.
###.... #..............
#.... #..[.....####..
###.# #........# ##.
.######## ##


You could see a black bear and an orc.

Vanquished Creatures
  Jessica (D:2)
  An adder (D:4)
  A worm (D:3)
  A dart slug (D:3)
  6 orcs (D:3)
  A bat (D:1)
  3 endoplasms
  2 giant cockroaches
  3 goblins
  8 hobgoblins
  5 kobolds
  A quokka (D:1)
  5 ball pythons
  2 frilled lizards
  A rat (D:3)
41 creatures vanquished.

Notes
Turn   | Place    | Note
-------+----------+-------------------------------------------
     0 | D:1      | qw the Gargoyle Hunter began the quest for the Orb.
     0 | D:1      | Reached XP level 1. HP: 12/12 MP: 1/1
     0 | D:1      | 0 ||| qw: Version: 0.3-a-74-g0d5e918
     0 | D:1      | 0 ||| qw: Game counter: 165
     0 | D:1      | 0 ||| qw: Melee chars always use a shield: true
     0 | D:1      | 0 ||| qw: God list: Okawaru
     0 | D:1      | 0 ||| qw: Allow faded altars: false
     0 | D:1      | 0 ||| qw: Do Orc after clearing Dungeon:15 true
     0 | D:1      | 0 ||| qw: Do second Lair branch before Depths: true
     0 | D:1      | 0 ||| qw: Lair rune preference: random
     0 | D:1      | 0 ||| qw: Goals: Normal
     0 | D:1      | 0 ||| PLANNING D:1-11
   322 | D:1      | Reached XP level 2. HP: 14/17 MP: 2/2
   640 | D:1      | 640 ||| DROPPING ring of wizardry.
   641 | D:1      | 641 ||| READING 2 scrolls labelled MEX HE PURGH.
   642 | D:1      | 642 ||| DROPPING scroll of fear.
   643 | D:1      | 643 ||| DROPPING scroll of butterflies.
   709 | D:2      | Noticed Jessica
   741 | D:2      | Killed Jessica
   742 | D:2      | Reached skill level 5 in Ranged Weapons
   742 | D:2      | Reached XP level 3. HP: 11/21 MP: 3/3
   910 | D:2      | Found a blossoming altar of Fedhas.
  1112 | D:2      | 1112 ||| UPGRADING to +0 ring mail.
  1122 | D:2      | 1122 ||| DROPPING +0 leather armour.
  1123 | D:2      | 1123 ||| UPGRADING to +5 ring of evasion.
  1124 | D:2      | 1124 ||| READING 3 scrolls labelled PAT OGENEISI.
  1125 | D:2      | 1125 ||| READING scroll labelled YGUTEO YTSI.
  1126 | D:2      | 1126 ||| READING scroll labelled NAOJESOGY.
  1127 | D:2      | 1127 ||| READING scroll labelled XIMO JIODU.
  1128 | D:2      | 1128 ||| READING 2 scrolls of identify.
  1128 | D:2      | 1128 ||| IDENTIFYING ruby potion
  1196 | D:3      | Found an ancient bone altar of Kikubaaqudgha.
  1214 | D:3      | 1214 ||| Stepping ~*~*~tactically~*~*~ (retreating).
  1215 | D:3      | 1215 ||| FLEEEEING.
  1216 | D:3      | 1216 ||| FLEEEEING.
  1217 | D:3      | 1217 ||| FLEEEEING.
  1218 | D:3      | 1218 ||| FLEEEEING.
  1219 | D:3      | 1219 ||| FLEEEEING.
  1228 | D:3      | Reached skill level 1 in Armour
  1228 | D:3      | Reached XP level 4. HP: 26/26 MP: 4/4
  1257 | D:3      | Found a glowing golden altar of the Shining One.
  1716 | D:3      | Found an iron altar of Okawaru.
  1717 | D:3      | 1717 ||| PLANNING OKAWARU WORSHIP
  1717 | D:3      | 1717 ||| READING 2 scrolls of identify.
  1717 | D:3      | 1717 ||| IDENTIFYING fizzy inky potion
  1718 | D:3      | 1718 ||| DROPPING potion of brilliance.
  1719 | D:3      | Found an opulent altar of Gozag.
  1723 | D:3      | Became a worshipper of Warmaster Okawaru
  1724 | D:3      | 1724 ||| PLANNING D:1-11
  1832 | D:3      | 1832 ||| UPGRADING to +0 cloak.
  1837 | D:3      | 1837 ||| READING scroll labelled FET ROSHRUSIMIE.
  1843 | D:4      | 1843 ||| PLANNING SEWER
  1897 | D:4      | Reached skill level 3 in Fighting
  2021 | D:4      | Found a staircase to the Ecumenical Temple.
  2063 | D:4      | Noticed a black bear
  2083 | D:4      | HP: 5/28 [black bear (4)]
  2084 | D:4      | Slain by a black bear

Levels and vault maps discovered:
D:1:      shiori_arrival_elements, layout_basic, minmay_misc_feat_more_columns
D:2:      layout_rooms, basic_altar, minmay_misc_feat_hallway,
          minmay_misc_feat_alley, amcnicky_mini_rare_corridor_liquid,
          uniq_jessica
D:3:      layout_loops_ring, nicolae_overflow_squiral, kiku_gazebo_pond_becter,
          mainiacjoe_overflow_alcove_4
D:4:      layout_basic, lemuel_tele_altar, minmay_temple_entry_trees,
          portal_sewer_entry_f, uniq_menkaure

Skill      XL: |  1  2  3  4 |
---------------+-------------+-----
Ranged Weapons | 5 |  5.3
Armour         | 1 |  1.0
Fighting       | 3 |  3.0
Dodging        | |  1.5
Stealth        | |  1.1

Action                     |  1- 3 |  4- 6 || total
---------------------------+-------+-------++-------
   Fire: Shortbow          |   103 |    60 ||   163
    Use: Scroll            |     6 |     2 ||     8
 Armour: Leather armour    |    19 |       ||    19
         Ring mail         |       |    26 ||    26
  Dodge: Dodged            |    32 |    52 ||    84

Table legend:
 A = Non-vault XP
 B = Vault XP
 C = Vault XP percentage of total XP
 D = Non-vault monster count
 E = Vault monster count
 F = Vault count percentage of total count
                 A         B        C        D         E       F
            +---------+---------+-------+---------+---------+-------
      Total |      93 |      37 |  28.5 |      40 |       1 |   2.4
            +---------+---------+-------+---------+---------+-------
        D:1 |      22 |       0 |   0.0 |      13 |       0 |   0.0
        D:2 |      10 |      37 |  78.7 |       7 |       1 |  12.5
        D:3 |      43 |       0 |   0.0 |      17 |       0 |   0.0
        D:4 |      18 |       0 |   0.0 |       3 |       0 |   0.0
            +---------+---------+-------+---------+---------+-------
